 Dungeon Sprint DCSS version 0.18.1-50-g88ac8fd (webtiles) character file.

244 Kagutsuchi the Fighter (level 5, 0/42 HPs)
             Began as a Draconian Berserker on Oct 21, 2016.
             Was a Believer of Trog.
             Slain by a white imp (3 damage)
             ... summoned by a neqoxec
             ... in the Dungeon (Sprint II: "The Violet Keep of Menkaure").
             The game lasted 00:00:38 (27 turns).

Kagutsuchi the Fighter (Draconian Berserker)          Turns: 27, Time: 00:00:39

Health: 0/42       AC:  5    Str: 20    XL:     5   Next: 83%
Magic:  5/5        EV: 13    Int:  7    God:    Trog [**....]
Gold:   0          SH:  0    Dex:  7    Spells: 0 memorised, 4 levels left

rFire  . . .     SeeInvis .     a - +0 falchion
rCold  . . .     Gourm    .     (armour unavailable)
rNeg   . . .     Faith    .     (no shield)
rPois  .         Spirit   .     (helmet restricted)
rElec  .         Dismiss  .     (no cloak)
rCorr  .         Reflect  .     (no gloves)
SustAt .         Harm     .     (no boots)
MR     .....     Rnd*Rage +     (no amulet)
Stlth  +......... NoTele   +    (no ring)
                                (no ring)

@: exhausted, slowed, very slow, not resistant to hostile enchantments, very
unstealthy
A: unfitting armour, berserk 1, blink, clumsy 2, frail 2, cold-blooded, AC +5
a: Blink, Berserk, Trog's Hand, Burn Spellbooks, Renounce Religion


You were in the Dungeon.
You worshipped Trog.
Trog was pleased with you.
You were not hungry.

You visited 1 branch

Inventory:

Hand Weapons
 a - a +0 falchion (weapon)
Scrolls
 h - a scroll of blinking
Potions
 e - a potion of haste
 f - 2 potions of magic
 g - a potion of berserk rage
Comestibles
 b - a bread ration


   Skills:
 + Level 8.1 Fighting
 + Level 7.5 Long Blades
 + Level 7.2 Dodging


You had 4 spell levels left.
You didn't know any spells.

Dungeon Overview and Level Annotations

Branches:
Dungeon (1/1)

Altars:


Innate Abilities, Weirdness & Mutations

Your plain brown scales are hard (AC +5).
Your body does not fit into most forms of armour.
You are cold-blooded and may be slowed by cold attacks.
You tend to lose your temper in combat.
You can translocate small distances at will.
You are very clumsy. (Dex -4)
You are very frail (-20% HP).


Message History

Your Fighting skill gained 2 levels and is now at level 8!
Your Long Blades skill increases to level 7!
Your Dodging skill gained 2 levels and is now at level 7!
You have reached level 5!
You feel your intelligence returning.
The neqoxec gestures.
The neqoxec gestures at you.
Something tries to feed on your intellect!
The white imp gestures at you. The puff of frost hits you!
* * * LOW HITPOINT WARNING * * *
The ufetubus barely misses you. The ufetubus closely misses you.
You hit the white imp but do no damage. The ufetubus closely misses you. x2
The neqoxec hits you.
* * * LOW HITPOINT WARNING * * *
The neqoxec gestures at you.
Something tries to feed on your intellect!
The white imp hits you.
* * * LOW HITPOINT WARNING * * *
The white imp freezes you.
You die...

### ##
#.5##5#
#353#
#@#
##5##
+.<.+
##.##
#+#


You could see 2 neqoxecs, an iron imp, a crimson imp, a white imp and an
ufetubus.

Vanquished Creatures
  2 neqoxecs (D)
2 creatures vanquished.

Vanquished Creatures (others)
  A crocodile (D)
1 creature vanquished.

Grand Total: 3 creatures vanquished

Notes
Turn   | Place    | Note
--------------------------------------------------------------
     0 | D        | Kagutsuchi the Draconian Berserker began the quest for the Orb.
     0 | D        | Reached XP level 1. HP: 19/19 MP: 1/1
     1 | D        | Noticed a neqoxec
     1 | D        | Noticed a neqoxec
     1 | D        | Noticed a neqoxec
     1 | D        | Noticed a neqoxec
     1 | D        | Gained mutation: You tend to lose your temper in combat. [a neqoxec]
     2 | D        | Noticed an iron imp
    15 | D        | Killed a neqoxec
    15 | D        | Reached skill level 6 in Fighting
    15 | D        | Reached skill level 5 in Dodging
    15 | D        | Reached XP level 2. HP: 29/31 MP: 2/2
    15 | D        | Reached XP level 3. HP: 36/38 MP: 3/3
    15 | D        | Reached XP level 4. HP: 43/45 MP: 4/4
    21 | D        | Gained mutation: You are frail (-10% HP). [a neqoxec]
    21 | D        | Gained mutation: You are very frail (-20% HP). [a neqoxec]
    23 | D        | Killed a crocodile
    24 | D        | Gained mutation: You are clumsy. (Dex -2) [a neqoxec]
    25 | D        | Gained mutation: You are very clumsy. (Dex -4) [a neqoxec]
    25 | D        | Gained mutation: You can translocate small distances at will. [a neqoxec]
    26 | D        | Killed a neqoxec
    26 | D        | Reached ** piety under Trog
    26 | D        | Reached skill level 8 in Fighting
    26 | D        | Reached XP level 5. HP: 16/42 MP: 5/5
    27 | D        | Slain by a white imp

Skill      XL: |  1  2  3  4 |
---------------+-------------+-----
Fighting       | 6 8 |  8.1
Long Blades    | 6 7 |  7.5
Dodging        | 5 7 |  7.2

Action                   |  1- 3 |  4- 6 || total
-------------------------+-------+-------++-------
Melee: Falchion          |    13 |     9 ||    22
       Tailslap          |     1 |     2 ||     3
Invok: Berserk           |     1 |       ||     1
  Use: Potion            |       |     2 ||     2
Armor: Skin              |     2 |     3 ||     5
Dodge: Dodged            |     3 |    19 ||    22
